 Dungeon Crawl Stone Soup version 0.30-a0-1075-gcd70e7a56d (webtiles) character file.

Game seed: 4477291680229092932

3266 dracfodder the Cleaver (level 10, -1/52 HPs)
             Began as a Gargoyle Reaver on Apr 14, 2023.
             Was a Believer of Hepliaklqana.
             Slain by a two-headed ogre
             ... wielding a +0 giant spiked club
              (17 damage)
             ... on level 8 of the Dungeon.
             The game lasted 00:41:42 (7302 turns).

dracfodder the Cleaver (Gargoyle Reaver)            Turns: 7302, Time: 00:41:43

Health: -1/52      AC: 15    Str: 23    XL:     10   Next: 0%
Magic:  16/16      EV: 12    Int: 17    God:    Hepliaklqana [**....]
Gold:   528        SH:  5    Dex:  8    Spells: 10/17 levels left

rFire   + . .      SeeInvis .    a - +1 broad axe (flame)
rCold   . . .      Faith    .    (no shield)
rNeg    + . .      Spirit   .    m - +0 leather armour
rPois   ∞          Reflect  +    k - +0 helmet
rElec   +          Rampage  .    d - +0 cloak
rCorr   .                        (no gloves)
Will    .....                    p - +1 pair of boots
Stlth   +                        r - amulet of reflection
HPRegen 0.28/turn                C - ring of protection from fire
MPRegen 0.15/turn                y - +6 ring of strength

@: no status effects
A: reduced essence, sickness immunity, AC +7, negative energy resistance 1,
electricity resistance, torment resistance 1, petrification resistance
a: Renounce Religion, Ancestor Life: Knight, Ancestor Life: Battlemage, Ancestor
Life: Hexer, Recall Ancestor, Ancestor Identity


You were on level 8 of the Dungeon.
You worshipped Hepliaklqana.
Hepliaklqana was pleased with you.
You visited 2 branches of the dungeon, and saw 9 of its levels.

You collected 528 gold pieces.

Inventory:

Hand Weapons
 a - a +1 broad axe of flaming (weapon)
 b - a +0 sling
 c - a +0 hand axe of freezing
Missiles
 e - 2 datura-tipped darts
Armour
 d - a +0 cloak (worn)
 k - a +0 helmet (worn)
 m - a +0 leather armour (worn)
 p - a +1 pair of boots (worn)
 G - +0 swamp dragon scales
Magical Staves
 F - a staff of cold
Jewellery
 r - an amulet of reflection (around neck)
 y - a +6 ring of strength (right hand)
 C - a ring of protection from fire (left hand)
Wands
 n - a wand of flame (27)
 v - a wand of iceblast (4)
 A - a wand of charming (4)
Scrolls
 g - a scroll of amnesia
 s - 3 scrolls of teleportation
 D - a scroll of blinking
Potions
 f - a potion of heal wounds
 h - 2 potions of resistance
 i - a potion of ambrosia {unknown}
 j - 5 potions of curing {unknown}
 l - 4 potions of degeneration {unknown}
 o - a potion of cancellation
 q - 3 potions of magic
 t - 2 potions of might {unknown}
 w - a potion of invisibility {unknown}
 x - a potion of berserk rage
 z - 2 potions of brilliance
 B - a potion of haste {unknown}
 E - a potion of flight {unknown}


   Skills:
 + Level 4.6 Fighting
 * Level 8.8 Axes
 + Level 3.3 Armour
 + Level 3.9 Dodging
 + Level 1.1 Stealth
 + Level 2.6 Shields
 + Level 4.0 Spellcasting
 * Level 6.7 Conjurations
 + Level 2.2 Hexes
 + Level 0.1 Translocations
 + Level 0.1 Ice Magic


You had 10 spell levels left.
You knew the following spells:

 Your Spells              Type           Power      Damage    Failure   Level
a - Kiss of Death         Conj/Necr      56%        2d9       4%          1
b - Momentum Strike       Conj/Tloc      30%        3d8       7%          2
c - Slow                  Hex            40%        N/A       8%          1
d - Hailstorm             Conj/Ice       15%        3d5       13%         3

Your spell library contained the following spells:

 Spells                   Type           Power      Damage    Failure   Level
 Apportation              Tloc           6%         N/A       17%         1
 Confusing Touch          Hex            10%        N/A       22%         3
 Gell's Gravitas          Tloc           3%         N/A       45%         3
 Teleport Other           Tloc           3%         N/A       45%         3
 Vampiric Draining        Necr           3%         2d6       47%         3
 Passage of Golubria      Tloc           3%         N/A       86%         4
 Silence                  Hex/Air        3%         N/A       97%         5
 Alistair's Intoxication  Tmut/Pois      2%         N/A       99%         5
 Dispersal                Tloc           1%         N/A       100%        6
 Lehudib's Crystal Spear  Conj/Erth      7%         10d3      100%        8


Dungeon Overview and Level Annotations

Branches:
Dungeon (8/15)             Temple (1/1) D:4
   Lair: D:8-11

Altars:
Ashenzari
Cheibriados
Dithmenos
Elyvilon
Fedhas
Gozag
Hepliaklqana
Kikubaaqudgha
Makhleb
Nemelex Xobeh
Okawaru
Qazlal
Ru
Sif Muna
Trog
Uskayaw
Vehumet
Wu Jian
Xom
Yredelemnul
The Shining One

Shops:
D:1 =   D:5 =


Innate Abilities, Weirdness & Mutations

Your life essence is reduced to manifest your ancestor. (-10% HP)
You are immune to sickness and miasma.
Your stone body is resilient. (AC +7)
You are immune to poison.
You resist negative energy. (rN+)
You are resistant to electric shocks. (rElec)
You are resistant to unholy torment.
You are immune to petrification.


Message History

Shiptu remembers more of her old skill.
Things that are here:
a +0 giant club; a +0 giant club; a two-headed ogre corpse Magic restored.
There is a stone staircase leading up here.
A two-headed ogre comes into view.
It is wielding a +0 giant spiked club and a +0 giant club.
The two-headed ogre shouts in stereo!
What are your orders? t - Shout!
Orders for allies: a - Attack new target. r - Retreat! s - Stop attacking. g - Guard the area. f - Follow me.
Anything else - Cancel.
Okay, then.
Aiming: Slow (safe; 8% risk of failure)
Press: ? - help, Q - select action, (/) - cycle Shift-Dir - straight line, f - two-headed ogre
Aim: a two-headed ogre, wielding a +0 giant spiked club and a +0 giant club (ally target, chance to affect: 27%)
The two-headed ogre easily resists.
Found a dagger.
The two-headed ogre hits Shiptu with a +0 giant spiked club!
The two-headed ogre hits Shiptu with a +0 giant club!
Shiptu hits the two-headed ogre.
You swap places.
The two-headed ogre hits you with a +0 giant spiked club!
The two-headed ogre closely misses you.
You barely miss the two-headed ogre.
The two-headed ogre is lightly wounded.
The two-headed ogre hits you with a +0 giant spiked club!
The two-headed ogre hits you with a +0 giant club!
Shiptu hits the two-headed ogre. x2
You hit the two-headed ogre. You burn the two-headed ogre.
Your punch misses the two-headed ogre.
The two-headed ogre is moderately wounded.
The two-headed ogre closely misses you.
The two-headed ogre hits you but does no damage.
Shiptu hits the two-headed ogre but does no damage.
You slash the two-headed ogre! You burn the two-headed ogre.
The two-headed ogre is severely wounded.
The two-headed ogre hits you with a +0 giant spiked club!
You die...

..[........#.#.###.#.....###?#.##
#..<^....### .. ...#.....# ##.##
#...###### #...########## #.#
#...# ... ##### #.# #...# ..
...#########.# #...# .
####.#.....<.#.# #...#
#.........##.#.# #.
#.##.#.##....).#
##...#@##.#.#####.###
..)....OR..#.# #.# ..###.######..
..# #. ### #### . .# #. .


You could see the friendly Shiptu the ancestor and a two-headed ogre (ally
target).

Vanquished Creatures
  Maggie (D:8)
  A wyvern (D:8)
  A steam dragon (D:7)
  A water moccasin (D:5)
  A black bear (D:4)
  A sky beast (D:7)
  An ice beast (D:7)
  A bullfrog (D:6)
  4 scorpions
  4 wights (D:7)
  5 hounds
  2 orc priests
  A jelly (D:4)
  A sleepcap (D:6)
  5 iguanas
  6 orc wizards
  5 gnolls
  8 adders
  2 white imps
  An ufetubus (D:6)
  4 worms
  3 dart slugs
  16 orcs
  5 ball pythons
  9 bats
  3 endoplasms
  2 giant cockroaches
  6 goblins
  4 hobgoblins
  7 jackals
  3 quokkas
  6 frilled lizards
  5 kobolds
  6 rats
131 creatures vanquished.

Vanquished Creatures (collateral kills)
  A two-headed ogre (D:8)
  A water moccasin (D:6)
  A phantom (D:6)
  A wight (D:7)
  An orc priest (D:7)
  A jelly (D:7)
  A sleepcap (D:6)
  2 orc wizards
  An iguana (D:6)
  A white imp (D:6)
  5 orcs
16 creatures vanquished.

Vanquished Creatures (others)
  An ice beast (D:7)
  4 ancestors
5 creatures vanquished.

Grand Total: 152 creatures vanquished

Notes
Turn   | Place    | Note
-------+----------+-------------------------------------------
     0 | D:1      | dracfodder the Gargoyle Reaver began the quest for the Orb.
     0 | D:1      | Reached XP level 1. HP: 12/12 MP: 3/3
   154 | D:1      | Reached XP level 2. HP: 16/17 MP: 5/5
   190 | D:1      | Found Jibis's Jewellery Emporium.
   196 | D:1      | You fall into a shaft and drop 1 floor!
   220 | D:2      | Learned a level 2 spell: Momentum Strike
   457 | D:1      | Reached skill level 3 in Axes
   572 | D:1      | Reached XP level 3. HP: 15/22 MP: 6/6
   814 | D:1      | Learned a level 1 spell: Slow
  1382 | D:2      | Reached XP level 4. HP: 12/27 MP: 5/7
  1386 | D:2      | Learned a level 3 spell: Hailstorm
  1492 | D:2      | Reached skill level 1 in Armour
  2050 | D:3      | Reached XP level 5. HP: 21/31 MP: 6/8
  3120 | D:4      | Reached skill level 4 in Axes
  3120 | D:4      | Reached XP level 6. HP: 29/36 MP: 6/9
  3426 | D:4      | Reached skill level 1 in Hexes
  3432 | D:4      | Found a staircase to the Ecumenical Temple.
  3497 | Temple   | Entered the Ecumenical Temple
  3586 | Temple   | Became a worshipper of Hepliaklqana the Forgotten
  3708 | D:4      | Noticed a black bear
  3718 | D:4      | Killed a black bear
  3719 | D:4      | Reached XP level 7. HP: 34/38 MP: 7/11
  3956 | D:5      | Entered Level 5 of the Dungeon
  3956 | D:5      | Found an iron altar of Okawaru.
  4159 | D:5      | Reached skill level 1 in Shields
  4286 | D:5      | Found Hishuech's Jewellery Boutique.
  4317 | D:5      | Reached skill level 5 in Axes
  4317 | D:5      | Reached skill level 5 in Conjurations
  4476 | D:5      | Reached * piety under Hepliaklqana
  4987 | D:6      | Reached XP level 8. HP: 40/40 MP: 11/13
  5481 | D:6      | Reached skill level 6 in Axes
  5878 | D:7      | Found a stormy altar of Qazlal.
  5885 | D:7      | Found a sparkling altar of Nemelex Xobeh.
  5914 | D:7      | Found a glowing golden altar of the Shining One.
  6039 | D:7      | Found an opulent altar of Gozag.
  6093 | D:7      | Reached skill level 7 in Axes
  6093 | D:7      | Reached XP level 9. HP: 45/45 MP: 14/14
  6608 | D:7      | Found a shimmering blue altar of Sif Muna.
  6608 | D:7      | Reached ** piety under Hepliaklqana
  6623 | D:7      | Found an ancient bone altar of Kikubaaqudgha.
  6634 | D:7      | Found a radiant altar of Vehumet.
  7124 | D:8      | Noticed Maggie
  7144 | D:8      | Killed Maggie
  7145 | D:8      | Reached skill level 8 in Axes
  7145 | D:8      | Reached skill level 1 in Stealth
  7245 | D:8      | Noticed a two-headed ogre
  7251 | D:8      | Killed a two-headed ogre
  7252 | D:8      | Reached XP level 10. HP: 43/52 MP: 14/16
  7294 | D:8      | Noticed a two-headed ogre
  7302 | D:8      | Slain by a two-headed ogre

Illustrated notes

Levels and vault maps discovered:
D:1:      dpeg_arrival_round_a, layout_basic, serial_shops, shop_coins
D:2:      layout_loops_cross
D:3:      layout_loops_ring, nicolae_titane
D:4:      layout_loops_cross, minmay_temple_entry_water_ring
D:5:      layout_cave_pools, okawaru_trees_2, serial_rivers,
          chequers_serial_rivers_micro_a, chequers_serial_rivers_room_b,
          chequers_serial_rivers_micro_c, chequers_serial_rivers_large_a,
          chequers_serial_rivers_micro_c, serial_shops, nicolae_shop_crystal
D:6:      layout_basic, bh_walls_and_bars
D:7:      layout_rooms, palyth_temple_overflow_mages,
          mainiacjoe_overflow_alcove_4, amethyst_overflow_temple_binary,
          amcnicky_altar_gilded
D:8:      layout_loops_cross, minmay_microvault, uniq_maggie
Temple:   dshaligram_water_room_temple

Skill      XL: |  1  2  3  4  5  6  7  8  9 |
---------------+----------------------------+-----
Axes           | 3 4 5 7 8 |  8.8
Armour         | 1 2 3 |  3.3
Conjurations   | 4 5 6 |  6.7
Dodging        | 2 3 |  3.9
Hexes          | 1 2 |  2.2
Spellcasting   | 3 4 |  4.0
Shields        | 1 2 |  2.6
Fighting       | 3 4 |  4.6
Stealth        | 1 |  1.1
Translocations | |  0.1
Ice Magic      | |  0.1

Action                     |  1- 3 |  4- 6 |  7- 9 | 10-12 || total
---------------------------+-------+-------+-------+-------++-------
  Melee: Hand axe          |   133 |   141 |   152 |       ||   426
         Punch             |     2 |       |     3 |       ||     5
         War axe           |       |       |   237 |       ||   237
         Broad axe         |       |       |     4 |     3 ||     7
   Cast: Slow              |     9 |    31 |    26 |     1 ||    67
         Momentum Strike   |     1 |     6 |     1 |       ||     8
         Hailstorm         |       |     1 |     2 |       ||     3
         Kiss of Death     |       |     1 |       |       ||     1
    Use: Scroll            |     3 |    10 |     6 |       ||    19
         Potion            |       |     1 |     2 |       ||     3
 Armour: Leather armour    |    47 |    72 |   160 |     1 ||   280
  Dodge: Dodged            |    72 |   103 |   163 |     2 ||   340
  Block: Other             |       |    19 |    79 |       ||    98
         Reflection        |       |       |     1 |       ||     1

Table legend: (Time is in decaauts)
 A = Elapsed time spent in this place.
 B = Non-inter-level travel time spent in this place.
 C = Inter-level travel time spent in this place.
 D = Time resting spent in this place.
 E = Time spent auto-exploring this place.
 F = Levels seen in this place.
 G = Mean time per level.
                   A        B        C        D        E       F      G
               +--------+--------+--------+--------+--------+-----+--------+
         Total |   7393 |   7293 |    100 |   1086 |   4527 |   9 |  821.4 |
       Dungeon |   7287 |   7199 |     88 |   1086 |   4460 |   8 |  910.9 |
        Temple |    105 |     93 |     12 |      0 |     67 |   1 |  105.0 |
               +--------+--------+--------+--------+--------+-----+--------+

Top non-repeatable levels by time:
     D:2: 1143 daAuts
     D:3: 1095 daAuts
     D:7: 994 daAuts
     D:5: 976 daAuts
     D:6: 894 daAuts
     D:1: 888 daAuts
     D:4: 759 daAuts
     D:8: 535 daAuts
  Temple: 105 daAuts
